 Seeded DCSS version 0.30.1-9-gdf580d7c3d (webtiles) character file.

Game seed: 2394977854812512649 (custom seed)

23 Psyclone the Conjurer (level 2, -1/16 HPs)
             Began as a Deep Elf Conjurer on Oct 12, 2023.
             Was an Initiate of Gozag.
             Slain by a sleepcap (6 damage)
             ... on level 5 of the Dungeon.
             The game lasted 00:01:02 (504 turns).

Psyclone the Conjurer (Deep Elf Conjurer)            Turns: 504, Time: 00:01:02

Health: -1/16      AC:  2    Str:  3    XL:     2   Next: 75%
Magic:  1/8        EV: 12    Int: 26    God:    Gozag
Gold:   586        SH:  0    Dex: 12    Spells: 4/7 levels left

rFire   + . .        j - +2 dagger (elec)
rCold   . . .        (no shield)
rNeg    . . .        a - +0 robe
rPois   .            (no helmet)
rElec   .            (no cloak)
rCorr   .            (no gloves)
SInv    .            (no boots)
Will    .....        (no amulet)
Stlth   ++           (no ring)
HPRegen 0.22/turn    (no ring)
MPRegen 0.11/turn

%: no passive effects
@: no status effects
A: clever 1, fire resistance 1, robust 1
a: Renounce Religion, Potion Petition, Call Merchant, Bribe Branch


You were on level 5 of the Dungeon.
You worshipped Gozag.
Gozag was pleased with you.
You visited 2 branches of the dungeon, and saw 6 of its levels.

You collected 2679 gold pieces.
You paid 2093 gold pieces to Gozag.

Inventory:

Hand Weapons
 j - a +2 dagger of electrocution (weapon)
Armour
 a - a +0 robe (worn)
Scrolls
 e - 2 scrolls of identify {unknown}
 f - a scroll of teleportation {unknown}
Potions
 b - a potion of magic
 d - 2 potions of berserk rage {unknown}
 g - a potion of lignification {unknown}
 h - a potion of brilliance {unknown}


   Skills:
 - Level 2.4 Dodging
 - Level 2.4 Stealth
 - Level 3.0 Spellcasting
 - Level 5.1 Conjurations
 + Level 1.2 Ice Magic


You had 4 spell levels left.
You knew the following spells:

 Your Spells              Type           Power      Damage    Failure   Level
a - Magic Dart            Conj           100%       1d8       1%          1
b - Searing Ray           Conj           60%        2d6       1%          2

Your spell library contained the following spells:

 Spells                   Type           Power      Damage    Failure   Level
 Dazzling Flash           Conj/Hex       34%        N/A       10%         3
 Fulminant Prism          Conj/Hex       8%         3d6       32%         4
 Iskenderun's Mystic Bla  Conj/Tloc      17%        2d5       32%         4


Dungeon Overview and Level Annotations

Branches:
Dungeon (5/15) Zot: 26937  Temple (1/1) D:5 Zot: 5837

Altars:
Dithmenos
Gozag
Xom
Zin

Shops:
D:2 !   Temple :=*


Innate Abilities, Weirdness & Mutations

Your mind is acute. (Int +4, Str/Dex -1)
Your flesh is heat resistant. (rF+)
You are robust. (+10% HP)


Message History

You see here 17 gold pieces.
Casting: Searing Ray (safe; 1% risk of failure)
Confirm with . or Enter, or press ? or * to list all spells.
Aiming: Searing Ray (safe; 1% risk of failure)
Press: ? - help, Shift-Dir - straight line, f - sleepcap
Aim: a sleepcap (wandering, hasn't noticed you, 100% to hit)
The searing ray hits the sleepcap.
The sleepcap is lightly damaged. (Press . to maintain the ray.)
You now have 6/8 mp.
The searing ray hits the sleepcap.
The sleepcap is lightly damaged.
You now have 5/8 mp.
The searing ray hits the sleepcap.
The sleepcap is moderately damaged.
You now have 4/8 mp.
The searing ray hits the sleepcap but does no damage.
The sleepcap is moderately damaged.
You finish channelling your searing ray.
The sleepcap closely misses you.
You now have 3/8 mp.
Casting: Searing Ray (safe; 1% risk of failure)
Confirm with . or Enter, or press ? or * to list all spells.
Aiming: Searing Ray (safe; 1% risk of failure)
Press: ? - help, Shift-Dir - straight line, f/p - sleepcap
Aim: a sleepcap (moderately damaged, 100% to hit)
The searing ray hits the sleepcap.
The sleepcap is heavily damaged. (Press . to maintain the ray.)
The sleepcap releases spores at you.
You are engulfed in a cloud of soporific spores!
You fall asleep.
The sleepcap releases spores at you!
You wake up.
Ouch! That really hurt!
You take 11 damage, and have 5/16 hp.
MASSIVE DAMAGE!!
You now have 1/8 mp.
You hit the sleepcap but do no damage.
The sleepcap is heavily damaged.
The sleepcap releases spores at you.
You die...
Your body crumbles into a pile of gold.

.......#.>.#...#
##...#.#.#.#..#
#.....#.#.#...#
#......#.#....#
#.............#
#.............#
#.............#
############....######
......$@....#+###
......f##...#
.......#.._..#
.......#.....#
.......####### .......
....... .......


You could see a sleepcap.

Vanquished Creatures
  A dart slug (D:5)
  2 ball pythons
  3 endoplasms
  A giant cockroach (D:1)
  2 goblins (D:1)
  A hobgoblin (D:1)
  4 jackals (D:5)
  A bat (D:1)
  2 frilled lizards
  2 rats
19 creatures vanquished.

Notes
Turn   | Place    | Note
-------+----------+-------------------------------------------
     0 | D:1      | Psyclone the Deep Elf Conjurer began the quest for the Orb.
     0 | D:1      | Reached XP level 1. HP: 10/10 MP: 6/6
    93 | D:1      | Reached XP level 2. HP: 15/15 MP: 2/8
    96 | D:1      | Learned a level 2 spell: Searing Ray
   174 | D:1      | Reached skill level 5 in Conjurations
   222 | D:2      | Found Utwiat's Distillery.
   281 | D:4      | You fall into a shaft and drop 1 floor!
   281 | D:5      | Entered Level 5 of the Dungeon
   281 | D:5      | Found a staircase to the Ecumenical Temple.
   289 | Temple   | Entered the Ecumenical Temple
   305 | Temple   | Identified 2 scrolls of acquirement
   305 | Temple   | Acquired 1325 gold pieces
   309 | Temple   | Acquired 1291 gold pieces
   311 | Temple   | Became a worshipper of Gozag Ym Sagoz the Greedy
   402 | Temple   | Gained mutation: Your mind is acute. (Int +4, Str/Dex -1)
                  | [potion of mutation]
   402 | Temple   | Gained mutation: You are robust. (+10% HP) [potion of
                  | mutation]
   402 | Temple   | Gained mutation: Your flesh is heat resistant. (rF+)
                  | [potion of mutation]
   416 | D:5      | Found a glowing silver altar of Zin.
   425 | D:5      | Reached skill level 1 in Ice Magic
   504 | D:5      | Slain by a sleepcap

Illustrated notes

Levels and vault maps discovered:
D:1:      saegor_arrival_simple_c, layout_rooms
D:2:      layout_basic, serial_shops, shop, uniq_sigmund
D:3:      layout_basic, marbit_many_paths, serial_curves, eino_curves_01,
          eino_curves_03
D:4:      layout_cave_pools, kennysheep_mini_moat, dk_noncrumbling_3
D:5:      layout_gridville, mainiacjoe_overflow_alcove_1,
          minmay_temple_entry_grid, grunt_decor_arrowhead,
          uniq_crazy_yiuf_cottage
Temple:   hellmonk_temple_flake

Skill      XL: |  1  2 |
---------------+-------+-----
Conjurations   | 5 |  5.1
Ice Magic      | 1 |  1.2
Dodging        | |  2.4
Stealth        | |  2.4
Spellcasting   | |  3.0

Action                     || total
---------------------------++-------
  Melee: Dagger            ||     1
   Cast: Magic Dart        ||    15
         Searing Ray       ||     4
 Invoke: Call Merchant     ||     3
    Use: Scroll            ||     2
         Potion            ||     1
  Dodge: Dodged            ||     3
